 Dungeon Crawl Stone Soup version 0.26-a0-651-gb41185065b (webtiles) character file.

Game seed: 1412840913835814840

59 sking99 the Sneak (level 4, -1/36 HPs)
             Began as a Kobold Enchanter on Oct 30, 2020.
             Slain by an adder (3 damage)
             ... on level 2 of the Dungeon.
             The game lasted 00:04:51 (1849 turns).

sking99 the Sneak (Kobold Enchanter)                Turns: 1849, Time: 00:04:51

Health: -1/36      AC: 22    Str:  2 (5)  XL:     4   Next: 22%
Magic:  2/7        EV:  3    Int: 16 (17) God:
Gold:   63         SH:  0    Dex: 12 (15) Spells: 2/8 levels left

rFire    . . .     SeeInvis .   a - +1 dagger
rCold    . . .     Faith    .   (shield restricted)
rNeg     + + +     Spirit   .   (armour currently unavailable)
rPois    +         Reflect  .   (helmet currently unavailable)
rElec    .         Harm     .   (cloak currently unavailable)
rCorr    .         Rampage  .   (gloves currently unavailable)
MR       .....     NoTele   +   (boots currently unavailable)
Stlth    ++++......             (no amulet)
HPRegen  0.12/turn              (no ring)
MPRegen  0.10/turn              (no ring)

@: brilliant, lethally poisoned (-1 -> -4), tree-form, stab
A: small, nightstalker 3
a: no special abilities


You were on level 2 of the Dungeon.
You were a tree.
You visited 1 branch of the dungeon, and saw 2 of its levels.

You collected 63 gold pieces.

Inventory:

Hand Weapons
 a - a +1 dagger (weapon)
Armour
 b - a +0 robe (melded)
 n - a +0 buckler
Scrolls
 c - a scroll of teleportation {unknown}
 f - 6 scrolls of identify {unknown}
 h - a scroll of enchant weapon {unknown}
 i - a scroll of amnesia {unknown}
 l - a scroll of random uselessness {unknown}


   Skills:
 * Level 3.0 Short Blades
 - Level 2.4 Dodging
 * Level 5.1 Stealth
 + Level 2.6 Spellcasting
 + Level 3.2 Hexes


You had 2 spell levels left.
You knew the following spells:

 Your Spells              Type           Power        Failure   Level
a - Corona                Hex            ###....      4%          1
b - Ensorcelled Hibernat  Hex/Ice        ##....       16%         2
c - Confusing Touch       Hex            ###.....     16%         3

Your spell library contained the following spells:

 Spells                   Type           Power        Failure   Level
 Tukima's Dance           Hex            ###.....     16%         3
 Dazzling Flash           Conj/Hex       ##....       30%         3


Dungeon Overview and Level Annotations

Branches:
Dungeon (2/15)

Altars:


Innate Abilities, Weirdness & Mutations

You are small and have problems with some larger weapons.
You are completely attuned to the shadows.


Message History

You closely miss the adder.
The adder is heavily wounded.
The adder barely misses you.
You hit the adder.
The adder is heavily wounded.
* * * LOW HITPOINT WARNING * * *
You feel sick. The adder bites you but does no damage.
You hit the adder.
The adder is severely wounded.
The adder bites you but does no damage.
You miss the adder.
The adder is severely wounded.
The adder bites you but does no damage.
You miss the adder.
The adder is severely wounded.
The adder bites you but does no damage.
You barely miss the adder.
The adder is severely wounded.
The adder bites you.
You die...

#........#
#........#############
#........'....†.gg....
#........########gg...
#........# #.....
#....g...# #(..g.
#...ggg..# #.....
#####S#### #..... #♣#
#..... #.#### #>....
#.#### #.# ####.##
......# ......#
......#


You could see 3 gnolls, an adder and a goblin.

Vanquished Creatures
  2 adders (D:2)
  An ooze (D:2)
  A worm (D:2)
  A ball python (D:2)
  2 bats
  2 giant cockroaches (D:1)
  6 goblins
  5 hobgoblins
  2 kobolds (D:1)
  A frilled lizard (D:1)
  13 rats
36 creatures vanquished.

Notes
Turn   | Place    | Note
-------+----------+-------------------------------------------
     0 | D:1      | sking99 the Kobold Enchanter began the quest for the Orb.
     0 | D:1      | Reached XP level 1. HP: 10/10 MP: 3/3
   195 | D:1      | Reached XP level 2. HP: 15/15 MP: 3/5
   226 | D:1      | Learned a level 2 spell: Ensorcelled Hibernation
   673 | D:1      | Reached XP level 3. HP: 19/19 MP: 1/6
  1716 | D:2      | Reached skill level 5 in Stealth
  1716 | D:2      | Reached XP level 4. HP: 24/24 MP: 4/7
  1749 | D:2      | Learned a level 3 spell: Confusing Touch
  1845 | D:2      | HP: 1/36 [poisoned by an adder]
  1849 | D:2      | Slain by an adder

Illustrated notes

Levels and vault maps discovered:
D:1:      shiori_arrival_maze, layout_loops_ring, minmay_rat_gold_closets
D:2:      layout_basic, chequers_hall_statues_wall_a

Skill      XL: |  1  2  3  4 |
---------------+-------------+-----
Short Blades   | 2 3 |  3.0
Stealth        | 5 |  5.1
Dodging        | |  2.4
Spellcasting   | |  2.6
Hexes          | |  3.2

Action                   |  1- 3 |  4- 6 || total
-------------------------+-------+-------++-------
Melee: Dagger            |    63 |    15 ||    78
 Cast: Corona            |     1 |       ||     1
       Ensorcelled Hiber |    14 |     4 ||    18
  Use: Potion            |     1 |     5 ||     6
 Stab: Sleeping          |    26 |     3 ||    29
Armor: Robe              |     7 |     3 ||    10
       Skin              |       |    15 ||    15
Dodge: Dodged            |    34 |     7 ||    41

Table legend: (Time is in decaauts)
 A = Elapsed time spent in this place.
 B = Non-inter-level travel time spent in this place.
 C = Inter-level travel time spent in this place.
 D = Time resting spent in this place.
 E = Time spent auto-exploring this place.
 F = Levels seen in this place.
 G = Mean time per level.
                   A        B        C        D        E       F      G
               +--------+--------+--------+--------+--------+-----+--------+
         Total |   1851 |   1825 |     26 |    767 |    743 |   2 |  925.5 |
       Dungeon |   1851 |   1825 |     26 |    767 |    743 |   2 |  925.5 |
               +--------+--------+--------+--------+--------+-----+--------+

Top non-repeatable levels by time:
     D:1: 1192 daAuts
     D:2: 659 daAuts
